 Dungeon Crawl Stone Soup version 0.22.1-2-g9c5b331 (webtiles) character file.

112669 Lilu the Nimble (level 16, -1/98 HPs)
             Began as a Deep Elf Wizard on Nov 30, 2018.
             Was an Elder of Sif Muna.
             Slain by a six-headed hydra (8 damage)
             ... on level 4 of the Lair of Beasts.
             The game lasted 03:33:22 (48849 turns).

Lilu the Nimble (Deep Elf Wizard)                  Turns: 48849, Time: 03:33:24

Health: -1/98      AC: 17    Str:  4    XL:     16   Next: 12%
Magic:  34/36      EV: 18    Int: 28    God:    Sif Muna [****..]
Gold:   2789       SH: 11    Dex: 13    Spells: 2/43 levels left

rFire    + . .     SeeInvis +   Z - +1 demon trident (elec)
rCold    . . .     Gourm    .   I - +0 shield {AC+3}
rNeg     . . .     Faith    .   r - +3 leather armour
rPois    +         Spirit   .   J - +1 hat
rElec    .         Reflect  .   b - +2 cloak {rF+}
rCorr    .         Harm     .   m - +2 pair of gloves "Foiw" {rPois MR- SInv}
MR       .....                  i - +0 pair of boots
Stlth    ++........             P - amulet of magic regeneration
HPRegen  0.26/turn              f - -3 ring of intelligence (curse)
MPRegen  0.50/turn              H - ring of wizardry

@: very slightly contaminated, divine energy
A: no striking features
a: Stop Divine Energy, Channel Magic, Forget Spell, Renounce Religion


You were on level 4 of the Lair of Beasts.
You worshipped Sif Muna.
Sif Muna was greatly pleased with you.
You were not hungry.

You visited 5 branches of the dungeon, and saw 25 of its levels.
You also visited: Labyrinth, Sewer and Volcano.

You collected 2789 gold pieces.

Inventory:

Hand Weapons
 Z - a +1 demon trident of electrocution (weapon)
Armour
 b - a +2 cloak of fire resistance (worn)
 i - a +0 pair of boots (worn)
 m - the +2 pair of gloves "Foiw" (worn) {rPois MR- SInv}
   (You found it in a labyrinth)

   It protects you from poison.
   It affects your resistance to hostile enchantments.
   It lets you see invisible.
 r - a +3 leather armour (worn)
 B - the +0 cloak of Anaoghu {MR+}
   (You found it in a labyrinth)

   It affects your resistance to hostile enchantments.
 I - a +0 shield of protection (worn)
 J - a +1 hat (worn)
 M - the +3 robe of Lucidity {rCorr Slay+3}
   (You found it on level 13 of the Dungeon)

   It affects your accuracy and damage with ranged weapons and melee attacks
   (+3).
   It provides partial protection from all sources of acid and corrosion.
Magical Staves
 U - an uncursed staff of power
 Y - an uncursed staff of cold
Jewellery
 f - a cursed -3 ring of intelligence (left hand)
 t - an uncursed ring of see invisible
 v - an uncursed ring of positive energy
 y - an uncursed amulet of the acrobat
 C - an uncursed ring of protection from fire
 H - a ring of wizardry (right hand)
 K - an uncursed ring of protection from cold
 P - an amulet of magic regeneration (around neck)
Wands
 l - a wand of paralysis (43)
 n - a wand of acid (14)
 L - a wand of clouds (5)
Scrolls
 e - a scroll of magic mapping
 h - 11 scrolls of teleportation
 k - a scroll of vulnerability
 p - 3 scrolls of blinking
 q - 8 scrolls of fear
 u - a scroll of brand weapon {unknown}
 w - 5 scrolls of enchant armour
 x - 5 scrolls of enchant weapon
 z - a scroll of holy word {unknown}
 N - a scroll of silence {unknown}
 R - a scroll of torment {unknown}
 S - 2 scrolls of immolation
 W - 3 scrolls of amnesia
Potions
 c - 3 potions of mutation
 o - a potion of agility
 s - 2 potions of brilliance
 A - 3 potions of might
 D - a potion of haste
 E - 2 potions of magic
 F - 4 potions of curing
 Q - 5 potions of flight
 V - a potion of cancellation
 X - 3 potions of berserk rage
Comestibles
 d - 24 rations


   Skills:
 + Level 10.4 Fighting
 - Level 3.0 Polearms
 + Level 14.5 Dodging
 - Level 2.4 Stealth
 + Level 11.5 Shields
 + Level 14.4 Spellcasting
 + Level 13.9 Conjurations
 + Level 7.9 Hexes
 - Level 4.0 Summonings
 - Level 2.0 Translocations
 + Level 3.0 Fire Magic
 - Level 3.0 Air Magic
 - Level 4.0 Earth Magic
 - Level 2.0 Poison Magic


You had 2 spell levels left.
You knew the following spells:

 Your Spells              Type           Power        Failure   Level  Hunger
a - Magic Dart            Conj           ####         0%          1    None
b - Bolt of Fire          Conj/Fire      ######....   13%         6    ####...
c - Mephitic Cloud        Conj/Pois/Air  ######..     1%          3    None
d - Conjure Flame         Conj/Fire      ######..     1%          3    None
e - Blink                 Tloc           N/A          1%          2    None
f - Stone Arrow           Conj/Erth      ######       1%          3    None
g - Passwall              Tmut/Erth      ####....     1%          2    None
h - Apportation           Tloc           ####..       1%          1    None
i - Swiftness             Chrm/Air       ####....     2%          2    None
j - Summon Mana Viper     Hex/Summ       ######..     7%          5    None
k - Invisibility          Hex            ######..     16%         6    ####...
l - Orb of Destruction    Conj           #######...   8%          7    #####..

Your spell library contained the following spells:

 Spells                   Type           Power        Failure   Level  Hunger
 Corona                   Hex            ######.      1%          1    None
 Flame Tongue             Conj/Fire      #####        1%          1    None
 Sandblast                Erth           #####.       1%          1    None
 Shock                    Conj/Air       ####         1%          1    None
 Summon Butterflies       Summ           #####...     1%          1    None
 Call Imp                 Summ           #####...     1%          2    None
 Slow                     Hex            ######..     1%          2    None
 Throw Frost              Conj/Ice       ######       1%          2    None
 Inner Flame              Hex/Fire       ######..     1%          3    None
 Portal Projectile        Hex/Tloc       #####.       1%          3    None
 Static Discharge         Conj/Air       ######..     1%          3    None
 Tukima's Dance           Hex            ######..     1%          3    None
 Cause Fear               Hex            ######....   1%          4    None
 Leda's Liquefaction      Hex/Erth       ######....   2%          4    None
 Fireball                 Conj/Fire      ######....   2%          5    None
 Lightning Bolt           Conj/Air       ######....   2%          5    None
 Lesser Beckoning         Tloc           ####......   3%          3    None
 Ignite Poison            Fire/Tmut/Pois ####....     4%          3    None
 Bolt of Magma            Conj/Fire/Erth ######....   4%          5    None
 Irradiate                Conj/Tmut      ######....   4%          5    None
 Iskenderun's Battlesphe  Conj/Chrm      ######..     4%          5    None
 Airstrike                Air            #####.....   9%          4    None
 Silence                  Hex/Air        ######....   9%          5    None
 Petrify                  Tmut/Erth      ####....     12%         4    None
 Lee's Rapid Deconstruct  Erth           #####.....   16%         5    None
 Alistair's Intoxication  Tmut/Pois      ####....     45%         5    None
 Statue Form              Tmut/Erth      ####.....    86%         6    ####...
 Hydra Form               Tmut           ###.......   98%         6    ####...
 Dragon Form              Tmut           ###.......   100%        7    #####..
 Ring of Flames           Chrm/Fire      ####......   100%        7    #####..
 Ignition                 Fire           #####.....   100%        8    #######


Dungeon Overview and Level Annotations

Branches:
Dungeon (15/15)            Temple (1/1) D:7            Lair (6/6) D:8
  Swamp (1/4) Lair:4       Spider (0/4) Lair:4        Slime (0/5) Lair:6
    Orc (2/2) D:9             Elf (0/3) Orc:2        Vaults (0/5) D:14
 Depths (0/5) D:15

Altars:
Ashenzari
Cheibriados
Dithmenos
Elyvilon
Fedhas
Gozag
Hepliaklqana
Kikubaaqudgha
Makhleb
Nemelex Xobeh
Okawaru
Qazlal
Ru
Sif Muna
Trog
Uskayaw
Vehumet
Wu Jian
Xom
Yredelemnul
Zin
The Shining One
Beogh
Jiyva

Shops:
D:9 %*%   D:11 :   Orc:1 **:   Orc:2 ([((

Portals:
Hell: Lair:6
Trove: D:13 (give 8 potions of agility)

Annotations:
Lair:4 exclusion: 3 oklob plants


Message History

* * * LOW HITPOINT WARNING * * *
The slime creature barely misses you.
You climb upwards.
Welcome back to the Lair of Beasts!
Level annotation: exclusion: 3 oklob plants
There is a staircase to the Swamp here.
You see here the +1 leather armour of Fynor {+Fly rN++ MR+ Int-4}.
Casting: Stone Arrow (safe; 1% risk of failure)
Confirm with . or Enter, or press ? or * to list all spells.
You blink.
You feel yourself speed up. The six-headed hydra barely misses you.
The six-headed hydra misses you.
You block the six-headed hydra's attack.
The six-headed hydra bites you but does no damage.
The six-headed hydra bites you!
* * * LOW HITPOINT WARNING * * *
The six-headed hydra misses you.
The hornet stings you but does no damage.
You block the six-headed hydra's attack.
The six-headed hydra bites you!
You die...

##...#....###..#.'###............
#..###...# #####.##.....#####..#
##..###...###.#P#.##.....# ##.#.#
....##..>.##.......##....###P.#.#
#...###...###......##...###......
....#.....##.......##...###......
....=#....####P....#.....##......
#P..##....# ###.#.##....#.#.P###
##..##....#####P@DJ.#...##.#####.
#.#+##..........JyJ......#.#..##.
...................§.............
##.###.P##.#..#..#.§.####.####.##
#### ###########.####.# ### ###
### ###


You could see a six-headed hydra, 3 slime creatures and a hornet.

Vanquished Creatures
  The ghost of Qeggolorch the Carver, a journeyman DDFi of Makhleb (Lair:6)
  A stone giant (Orc:2)
  3 minotaurs
  The ghost of bmj180 the Brawler, a journeyman TrMo of Okawaru (Lair:1)
  Harold (Lair:1)
  The ghost of Wheel the Impaler, a journeyman MfGl of Dithmenos (Orc:1)
  9 hydras
  2 centaur warriors
  A hell beast (Lair:6)
  A catoblepas (Lair:2)
  3 dancing weapons
  3 two-headed ogres
  5 tengu warriors
  9 death yaks
  An alligator (Swamp:1)
  3 spriggans (Swamp:1)
  Urug (Lair:4)
  3 orc high priests (Orc:2)
  Sonja (Lair:1)
  Nergalle (Lair:1)
  The ghost of trianova the Covert, a journeyman SpEn of Gozag (D:12)
  11 skeletal warriors
  2 fire crabs (Lair:4)
  4 unseen horrors
  5 wizards (Volcano)
  5 orc knights
  2 deep elf magi
  4 ugly things
  6 orc sorcerers
  2 cyclopes
  2 manticores
  5 toenail golems (Volcano)
  A cyclops (shapeshifter) (D:15)
  8 black mambas
  A centaur zombie (D:12)
  A gargoyle (D:15)
  5 elephants
  16 spiny frogs
  2 torpor snails
  An orange demon (Lair:6)
  2 kobold demonologists (D:10)
  7 rime drakes
  9 komodo dragons
  3 ice devils (Lair:6)
  A rime drake (shapeshifter) (D:15)
  A tengu conjurer (D:15)
  A hellwing (Lair:6)
  A tyrant leech (shapeshifter) (D:15)
  6 trolls
  A meliai (shapeshifter) (D:15)
  A queen bee (Lair:2)
  A polar bear (Lair:3)
  3 hornets
  17 slime creatures
  19 blink frogs
  4 tyrant leeches (Lair:2)
  7 dream sheep (Lair:6)
  9 hippogriffs
  A shadow (D:15)
  A centaur simulacrum (D:15)
  39 yaks
  2 wraiths (D:13)
  5 wyverns
  5 vampire mosquitoes
  3 wargs
  2 hungry ghosts
  2 basilisks
  Edmund (D:6)
  5 insubstantial wisps (Lair:4)
  4 soldier ants
  5 swamp worms
  An acid dragon (D:15)
  11 porcupines
  2 hell hounds (Lair:6)
  16 water moccasins
  An eye of draining (D:12)
  4 sky beasts
  3 black bears
  4 ice beasts
  19 orc warriors
  4 phantoms
  2 necrophages
  8 ogres
  4 boggarts (D:15)
  6 centaurs
  14 crocodiles
  13 bullfrogs
  2 big kobolds
  A wyvern zombie (D:13)
  A wyvern skeleton (D:15)
  A scorpion (D:8)
  17 killer bees
  4 wights (D:13)
  An electric eel (Lair:1)
  7 howler monkeys
  8 crimson imps
  2 bullfrog zombies
  2 quasits
  4 hounds
  19 orc priests
  8 jellies
  2 centaur skeletons
  Crazy Yiuf (D:2)
  2 bullfrog skeletons
  2 iguanas
  16 orc wizards
  12 worker ants
  2 hound skeletons
  10 gnolls
  14 adders
  4 shadow imps
  An adder zombie (D:5)
  3 oozes
  2 adder skeletons
  6 worms
  2 dart slugs
  4 leopard geckos
  66 orcs
  3 giant cockroaches
  7 goblins
  5 hobgoblins
  13 jackals
  4 quokkas
  4 ball pythons
  11 bats
  7 frilled lizards
  2 jackal skeletons (D:4)
  19 kobolds
  A quokka skeleton (D:6)
  5 rats
  2 butterflies (Lair:1)
  2 plants
726 creatures vanquished.

Vanquished Creatures (collateral kills)
  A wizard (Lair:6)
  2 deep elf magi (D:13)
  An orange demon (Lair:6)
  An ice devil (Lair:6)
  Sigmund (D:2)
  A hell hound (Lair:6)
  A water moccasin (Lair:6)
  A bullfrog (Lair:5)
  An orc wizard (D:6)
  A river rat (D:5)
  2 orcs
13 creatures vanquished.

Vanquished Creatures (others)
  An orc warrior (Orc:1)
  28 fungi
  24 plants
53 creatures vanquished.

Grand Total: 792 creatures vanquished

Notes
Turn   | Place    | Note
-------+----------+-------------------------------------------
     0 | D:1      | Lilu the Deep Elf Wizard began the quest for the Orb.
     0 | D:1      | Reached XP level 1. HP: 10/10 MP: 7/7
   279 | D:1      | Reached XP level 2. HP: 16/16 MP: 1/9
   707 | D:1      | Learned a level 2 spell: Call Imp
   869 | D:2      | Noticed Sigmund
   953 | D:2      | Reached XP level 3. HP: 20/20 MP: 9/11
  1076 | D:2      | Learned a level 3 spell: Mephitic Cloud
  1080 | D:2      | Learned a level 3 spell: Conjure Flame
  1083 | D:2      | Learned a level 2 spell: Blink
  1412 | D:2      | Found a runed door.
  1656 | D:2      | Reached XP level 4. HP: 24/24 MP: 7/12
  1710 | D:2      | Reached skill level 5 in Spellcasting
  2279 | D:2      | Killed Sigmund
  2279 | D:2      | Reached skill level 1 in Shields
  2279 | D:2      | Reached XP level 5. HP: 19/28 MP: 10/14
  4216 | D:4      | Reached XP level 6. HP: 33/33 MP: 8/16
  4801 | D:4      | Reached skill level 1 in Fighting
  5159 | D:4      | Found a sacrificial altar of Ru.
  5329 | D:5      | Entered Level 5 of the Dungeon
  5416 | D:5      | Found a glowing drain.
  5436 | D:5      | Reached skill level 1 in Poison Magic
  5542 | Sewer    | Entered a sewer
  6694 | D:5      | Noticed an ice beast
  6728 | D:5      | Killed an ice beast
  6728 | D:5      | Reached skill level 5 in Conjurations
  6728 | D:5      | Reached XP level 7. HP: 38/38 MP: 0/18
  8716 | D:2      | Noticed Crazy Yiuf
  8723 | D:2      | Killed Crazy Yiuf
  9806 | D:6      | Reached skill level 5 in Dodging
 10032 | D:6      | Noticed Edmund
 10111 | D:6      | Killed Edmund
 10111 | D:6      | Reached XP level 8. HP: 36/44 MP: 7/20
 10451 | D:6      | Found a sacrificial altar of Ru.
 10457 | D:6      | Found a blossoming altar of Fedhas.
 10459 | D:6      | Found a shadowy altar of Dithmenos.
 10459 | D:6      | Found a glowing silver altar of Zin.
 10459 | D:6      | Found a snail-covered altar of Cheibriados.
 10460 | D:6      | Found a basalt altar of Yredelemnul.
 10461 | D:6      | Found a hide-covered altar of Uskayaw.
 10463 | D:6      | Found an ancient bone altar of Kikubaaqudgha.
 10464 | D:6      | Found an iron altar of Okawaru.
 12208 | D:6      | Found a sacrificial altar of Ru.
 12213 | D:6      | Found a blossoming altar of Fedhas.
 12214 | D:6      | Found a glowing silver altar of Zin.
 12214 | D:6      | Found a shadowy altar of Dithmenos.
 12214 | D:6      | Found a basalt altar of Yredelemnul.
 12215 | D:6      | Found a snail-covered altar of Cheibriados.
 12217 | D:6      | Found a hide-covered altar of Uskayaw.
 12218 | D:6      | Found an iron altar of Okawaru.
 12219 | D:6      | Found an ancient bone altar of Kikubaaqudgha.
 12567 | D:6      | Found a sacrificial altar of Ru.
 12568 | D:6      | Found a blossoming altar of Fedhas.
 12569 | D:6      | Found a glowing silver altar of Zin.
 12569 | D:6      | Found a shadowy altar of Dithmenos.
 12569 | D:6      | Found a basalt altar of Yredelemnul.
 12570 | D:6      | Found a snail-covered altar of Cheibriados.
 12572 | D:6      | Found a hide-covered altar of Uskayaw.
 12573 | D:6      | Found an iron altar of Okawaru.
 12574 | D:6      | Found an ancient bone altar of Kikubaaqudgha.
 13212 | D:6      | Found a sacrificial altar of Ru.
 13213 | D:6      | Found a blossoming altar of Fedhas.
 13214 | D:6      | Found a glowing silver altar of Zin.
 13214 | D:6      | Found a shadowy altar of Dithmenos.
 13214 | D:6      | Found a basalt altar of Yredelemnul.
 13215 | D:6      | Found a snail-covered altar of Cheibriados.
 13217 | D:6      | Found a hide-covered altar of Uskayaw.
 13218 | D:6      | Found an iron altar of Okawaru.
 13219 | D:6      | Found an ancient bone altar of Kikubaaqudgha.
 13708 | D:6      | Found a sacrificial altar of Ru.
 13709 | D:6      | Found a blossoming altar of Fedhas.
 13710 | D:6      | Found a glowing silver altar of Zin.
 13710 | D:6      | Found a shadowy altar of Dithmenos.
 13710 | D:6      | Found a basalt altar of Yredelemnul.
 13711 | D:6      | Found a snail-covered altar of Cheibriados.
 13713 | D:6      | Found a hide-covered altar of Uskayaw.
 13714 | D:6      | Found an iron altar of Okawaru.
 13715 | D:6      | Found an ancient bone altar of Kikubaaqudgha.
 14499 | D:7      | Found a bloodstained altar of Trog.
 14530 | D:7      | Found a staircase to the Ecumenical Temple.
 14538 | Temple   | Entered the Ecumenical Temple
 14588 | Temple   | Became a worshipper of Sif Muna the Loreminder
 15151 | D:7      | Identified a scroll of acquirement
 15293 | D:7      | Found an iron altar of Okawaru.
 15369 | D:7      | Found a stormy altar of Qazlal.
 15422 | D:7      | Found a burning altar of Makhleb.
 15444 | D:7      | Reached skill level 1 in Fire Magic
 15618 | D:7      | Found a hazy altar of Hepliaklqana.
 15625 | D:7      | Reached XP level 9. HP: 50/50 MP: 15/22
 16177 | D:8      | Found a staircase to the Lair.
 16584 | D:8      | Reached * piety under Sif Muna
 16584 | D:8      | Reached ** piety under Sif Muna
 16584 | D:8      | Reached skill level 5 in Fighting
 16584 | D:8      | Reached skill level 5 in Shields
 16584 | D:8      | Reached skill level 10 in Conjurations
 16584 | D:8      | Reached XP level 10. HP: 50/59 MP: 22/25
 17624 | D:9      | Found Nohynt's Food Emporium.
 17750 | D:9      | Found Joebai's General Store.
 17760 | D:9      | Reached skill level 10 in Spellcasting
 17814 | D:9      | Found a staircase to the Orcish Mines.
 18152 | D:9      | Learned a level 3 spell: Stone Arrow
 18210 | D:9      | Found Zaocso's Food Emporium.
 18349 | D:9      | Noticed a two-headed ogre
 18371 | D:9      | Killed a two-headed ogre
 18371 | D:9      | Reached skill level 1 in Air Magic
 18544 | D:10     | Entered Level 10 of the Dungeon
 18955 | D:10     | Noticed an unseen horror
 18970 | D:10     | Killed an unseen horror
 18970 | D:10     | Reached skill level 1 in Earth Magic
 19074 | D:10     | Noticed an unseen horror
 19077 | D:10     | Killed an unseen horror
 19077 | D:10     | Reached XP level 11. HP: 58/64 MP: 17/27
 19203 | D:10     | Reached *** piety under Sif Muna
 19686 | Lair:1   | Entered Level 1 of the Lair of Beasts
 20004 | Lair:1   | Learned a level 2 spell: Passwall
 20096 | Lair:1   | Noticed bmj180's ghost (journeyman TrMo)
 20098 | Lair:1   | Noticed a minotaur
 20113 | Lair:1   | Noticed Nergalle
 20258 | Lair:1   | Noticed Sonja
 20269 | Lair:1   | Killed Sonja
 20269 | Lair:1   | Reached skill level 10 in Dodging
 20323 | Lair:1   | Found a runed gate.
 20324 | Lair:1   | Found a runed gate.
 20325 | Lair:1   | Found a runed gate.
 20326 | Lair:1   | Noticed Harold
 20432 | Lair:1   | Killed Harold
 20721 | Lair:1   | Killed Nergalle
 21053 | Lair:2   | Noticed a six-headed hydra
 21059 | Lair:2   | Killed a six-headed hydra
 21674 | Lair:2   | Reached XP level 12. HP: 53/72 MP: 14/29
 21834 | Lair:2   | Reached **** piety under Sif Muna
 22426 | Lair:2   | Noticed a catoblepas
 22493 | Lair:2   | Learned a level 5 spell: Lightning Bolt
 22496 | Lair:2   | Learned a level 2 spell: Swiftness
 22730 | Lair:2   | Killed a catoblepas
 23897 | Lair:3   | Noticed a six-headed hydra
 23915 | Lair:3   | Killed a six-headed hydra
 23915 | Lair:3   | Reached skill level 1 in Polearms
 24633 | Lair:4   | Noticed a six-headed hydra
 24662 | Lair:4   | Found a dark tunnel.
 24679 | Volcano  | Entered a volcano
 24880 | Volcano  | Reached XP level 13. HP: 79/79 MP: 14/31
 25654 | Lair:4   | Found a staircase to the Swamp.
 25678 | Lair:4   | Reached ***** piety under Sif Muna
 25678 | Lair:4   | Identified Sif Muna's Disquisition on Earthen Creation (Sif
                  | Muna gifted it to you on level 4 of the Lair of Beasts)
 25678 | Lair:4   | Received a gift from Sif Muna
 25686 | Lair:4   | Learned a level 5 spell: Summon Mana Viper
 25832 | Lair:3   | Reached skill level 1 in Hexes
 26001 | Lair:3   | HP: 1/79 [bullfrog (5)]
 26324 | Lair:4   | Found a hole to the Spider Nest.
 27984 | Lair:4   | Noticed Urug
 28028 | Lair:4   | Killed Urug
 30732 | Lair:6   | Entered Level 6 of the Lair of Beasts
 30842 | Lair:6   | Noticed a minotaur
 30854 | Lair:6   | Found a labyrinth entrance.
 30926 | Lab      | Entered a labyrinth
 31035 | Lab      | Learned a level 2 spell: Slow
 31445 | Lab      | Noticed a minotaur
 31461 | Lab      | Killed a minotaur
 31475 | Lab      | Got a pair of encrusted gloves
 31475 | Lab      | Got a spiked cloak
 31486 | Lab      | Identified the +2 pair of gloves "Foiw" {rPois MR- SInv}
                  | (You found it in a labyrinth)
 31496 | Lab      | Identified the +0 cloak of Anaoghu {MR+} (You found it in a
                  | labyrinth)
 31647 | Lair:6   | Reached XP level 14. HP: 65/86 MP: 26/33
 31674 | Lair:6   | Noticed Qeggolorch's ghost (journeyman DDFi)
 31774 | Lair:5   | Identified Sif Muna's Collected Works on Hurtful Curses
                  | (Sif Muna gifted it to you on level 5 of the Lair of
                  | Beasts)
 31774 | Lair:5   | Received a gift from Sif Muna
 31820 | Lair:5   | Learned a level 7 spell: Orb of Destruction
 31828 | Lair:5   | Learned a level 6 spell: Invisibility
 32380 | Lair:6   | Reached skill level 5 in Hexes
 32450 | Lair:6   | Found a runed door.
 32450 | Lair:6   | Found a viscous altar of Jiyva.
 32452 | Lair:6   | Found a staircase to the Slime Pits.
 33230 | Lair:6   | Reached skill level 10 in Fighting
 34006 | Lair:6   | Found a burning altar of Makhleb.
 34012 | Lair:6   | Found a gateway to Hell.
 34215 | Lair:6   | Found a runed gate.
 34216 | Lair:6   | Found a runed gate.
 34220 | Lair:6   | Found a runed gate.
 34696 | Lair:6   | Killed Qeggolorch's ghost
 35200 | D:11     | Found a sparkling altar of Nemelex Xobeh.
 35243 | D:11     | Found Vivoq's Book Shop.
 35602 | D:11     | Learned a level 6 spell: Bolt of Fire
 36224 | D:12     | Got a scorched quarterstaff
 36233 | D:12     | Identified the +3 quarterstaff of Beogh's Brutal Revenge
                  | {flame, rF+ rN+ Dex+5} (You found it on level 12 of the
                  | Dungeon)
 36387 | D:12     | Found a runed gate.
 36387 | D:12     | Found a runed gate.
 36388 | D:12     | Found a runed gate.
 36405 | D:12     | Noticed trianova's ghost (journeyman SpEn)
 36456 | D:12     | Killed trianova's ghost
 37648 | D:13     | Reached XP level 15. HP: 92/92 MP: 35/35
 37870 | D:13     | Found a portal to a secret trove of treasure.
 38796 | D:13     | Got a ripped robe
 38839 | D:13     | Identified the +3 robe of Lucidity {rCorr Slay+3} (You
                  | found it on level 13 of the Dungeon)
 39201 | D:13     | Found an ornate altar of the Wu Jian Council.
 40007 | D:14     | Found a gate to the Vaults.
 40278 | D:15     | Entered Level 15 of the Dungeon
 40343 | D:15     | Found a glowing silver altar of Zin.
 41177 | D:15     | Found an opulent altar of Gozag.
 41545 | D:15     | Noticed an azure jelly
 42646 | D:15     | Found a staircase to the Depths.
 42710 | D:15     | Found a glowing silver altar of Zin.
 42813 | D:15     | Found an opulent altar of Gozag.
 43194 | Orc:1    | Entered Level 1 of the Orcish Mines
 43447 | Orc:1    | Found a runed gate.
 43480 | Orc:1    | Found Bungeirch's Book Shoppe.
 43494 | Orc:1    | Found a runed gate.
 43494 | Orc:1    | Found a runed gate.
 43496 | Orc:1    | Found Wurick's Assorted Antiques.
 43498 | Orc:1    | Found an opulent altar of Gozag.
 43514 | Orc:1    | Found Omynk's Assorted Antiques.
 43515 | Orc:1    | Noticed Wheel's ghost (journeyman MfGl)
 43782 | D:9      | Reached skill level 10 in Shields
 44404 | Lair:1   | Killed bmj180's ghost
 45037 | Orc:1    | Killed Wheel's ghost
 45384 | Orc:2    | Entered Level 2 of the Orcish Mines
 45543 | Orc:2    | Found a staircase to the Elven Halls.
 46239 | Orc:2    | Found Wutraixo's Antique Weapon Boutique.
 46767 | Orc:2    | Reached XP level 16. HP: 98/98 MP: 22/36
 46997 | Orc:2    | Found a roughly hewn altar of Beogh.
 47277 | Orc:2    | Found Tani's Weapon Boutique.
 47278 | Orc:2    | Found Vennetou's Armour Emporium.
 47279 | Orc:2    | Found Gakkaiq's Weapon Emporium.
 47595 | Orc:2    | Found a staircase to the Elven Halls.
 47610 | Orc:2    | Found Wutraixo's Antique Weapon Boutique.
 47617 | Orc:2    | Found Gakkaiq's Weapon Emporium.
 47619 | Orc:2    | Found Vennetou's Armour Emporium.
 47621 | Orc:2    | Found Tani's Weapon Boutique.
 47692 | Orc:2    | Found a roughly hewn altar of Beogh.
 47741 | Orc:2    | Found a roughly hewn altar of Beogh.
 48030 | Orc:2    | Found a staircase to the Elven Halls.
 48045 | Orc:2    | Found Wutraixo's Antique Weapon Boutique.
 48052 | Orc:2    | Found Gakkaiq's Weapon Emporium.
 48054 | Orc:2    | Found Vennetou's Armour Emporium.
 48056 | Orc:2    | Found Tani's Weapon Boutique.
 48276 | Swamp:1  | Entered Level 1 of the Swamp
 48293 | Swamp:1  | Learned a level 1 spell: Apportation
 48296 | Swamp:1  | Got a faintly glowing leather armour
 48309 | Lair:4   | Identified the +1 leather armour of Fynor {+Fly rN++ MR+
                  | Int-4} (You found it on level 1 of the Swamp)
 48849 | Lair:4   | Slain by a six-headed hydra

Skill      XL: |  1  2  3  4  5  6  7  8  9 10 11 12 13 14 15 |
---------------+----------------------------------------------+-----
Conjurations   | 2 3 4 5 6 7 10 11 12 13 | 13.9
Dodging        | 3 4 5 6 8 9 10 12 13 14 | 14.5
Spellcasting   | 5 6 7 9 10 11 12 13 14 | 14.4
Shields        | 1 2 3 5 11 | 11.5
Fighting       | 1 2 3 5 7 8 9 10 | 10.4
Poison Magic   | 1 2 |  2.0
Fire Magic     | 1 2 3 |  3.0
Summonings     | 2 4 |  4.0
Translocations | 2 |  2.0
Air Magic      | 2 3 |  3.0
Earth Magic    | 1 4 |  4.0
Polearms       | 2 3 |  3.0
Hexes          | 4 7 |  7.9
Stealth        | |  2.4

Action                   |  1- 3 |  4- 6 |  7- 9 | 10-12 | 13-15 | 16-18 || total
-------------------------+-------+-------+-------+-------+-------+-------++-------
Melee: Short sword       |       |    65 |    66 |     2 |       |       ||   133
       Trident           |       |       |    58 |    38 |       |       ||    96
       Whip              |       |       |    40 |   107 |       |       ||   147
       Demon trident     |       |       |       |    20 |   237 |    35 ||   292
       Staff             |       |       |       |       |    72 |       ||    72
Throw: Tomahawk          |       |       |       |     1 |       |       ||     1
 Cast: Magic Dart        |    92 |   210 |   221 |   148 |   171 |     1 ||   843
       Call Imp          |       |    11 |     4 |     2 |       |       ||    17
       Mephitic Cloud    |       |     5 |    27 |    30 |    15 |       ||    77
       Conjure Flame     |       |     5 |    12 |    37 |    55 |       ||   109
       Blink             |       |       |     5 |     5 |    44 |     6 ||    60
       Stone Arrow       |       |       |       |   249 |   499 |     6 ||   754
       Lightning Bolt    |       |       |       |     2 |    53 |       ||    55
       Summon Mana Viper |       |       |       |       |    10 |       ||    10
       Slow              |       |       |       |       |     1 |       ||     1
       Orb of Destructio |       |       |       |       |    85 |    10 ||    95
       Bolt of Fire      |       |       |       |       |    41 |     4 ||    45
       Invisibility      |       |       |       |       |     6 |     3 ||     9
       Swiftness         |       |       |       |       |     1 |       ||     1
       Apportation       |       |       |       |       |       |     3 ||     3
Invok: Divine Energy     |       |       |       |     1 |       |       ||     1
       Forget Spell      |       |       |       |       |     1 |       ||     1
  Use: Scroll            |       |       |    18 |     5 |    13 |       ||    36
       Potion            |       |       |     3 |       |     5 |     4 ||    12
 Stab: Confused          |       |       |     5 |     1 |     1 |       ||     7
       Sleeping          |       |       |     2 |       |     1 |       ||     3
       Invisible         |       |       |       |       |     7 |       ||     7
  Eat: Chunk             |    11 |    14 |    29 |    17 |    54 |     2 ||   127
       Ration            |       |       |     1 |       |    15 |     3 ||    19
Armor: Leather armour    |     1 |     7 |    35 |    35 |   105 |    21 ||   204
Dodge: Dodged            |     5 |    19 |   117 |   151 |   416 |    47 ||   755
Block: Buckler           |       |       |    38 |    50 |    81 |       ||   169
       Shield            |       |       |       |       |   144 |    36 ||   180
